details: 'chat1'

« prev index next »

General information

Mini Map

Players

team 1
NightElfWeAreHeroes (green | 39 APM | 307 actions | 07:51)
Hero icon 2 Goblin Alchemist
Ability icon 1 Acid Bomb
Ability icon 1 Chemical Rage
Hero icon 1 Goblin Tinker
Ability icon 1 Pocket Factory

» actions
Build / train26
Enter build submenu9
Enter hero's abilities submenu3
Right click126
Select / deselect125
Use ability18
307 total
» units
Wisp10
Archer6
16 total
» upgrades
Ultravision1
1 total
» buildings
Altar of Elders1
Moon Well5
Ancient of War1
Tree of Ages2
Hunter's Hall1
Tree of Eternity2
Tree of Life1
13 total
» build order
00:20 Altar of Elders
00:22 Moon Well
00:34 Ancient of War
01:45 Moon Well
02:15 Moon Well
03:15 Tree of Ages
03:15 Tree of Ages
04:43 Hunter's Hall
05:27 Moon Well
05:57 Moon Well
06:31 Tree of Eternity
06:32 Tree of Eternity
06:50 Tree of Life
NightElfMyC0CKInYoBuTT (blue | 25 APM | 198 actions | 07:50)
Hero icon 2 Demon Hunter
Ability icon 1 Mana Burn
Ability icon 1 Immolation

» actions
Build / train24
Enter build submenu6
Enter hero's abilities submenu3
Right click69
Select / deselect73
Use ability23
198 total
» units
Wisp6
Archer9
Huntress6
21 total
» buildings
Moon Well3
Altar of Elders1
Ancient of War1
Hunter's Hall1
6 total
» build order
00:51 Moon Well
01:20 Altar of Elders
01:28 Moon Well
01:32 Ancient of War
01:42 Hunter's Hall
03:40 Moon Well
Random» HumanHoye (orange | 8 APM | 61 actions | 07:50)

» actions
Build / train8
Enter build submenu7
Right click12
Select / deselect28
Use ability6
61 total
» units
Peasant7
7 total
» buildings
Altar of Kings2
Farm2
Barracks1
Lumber Mill1
6 total
» build order
00:11 Altar of Kings
00:13 Farm
00:16 Altar of Kings
00:51 Barracks
00:57 Lumber Mill
01:17 Farm
HumanJustMyHero (teal | 59 APM | 459 actions | 07:50)
Hero icon 1 Naga Sea Witch
Ability icon 1 Forked Lightning

» actions
Assign group hotkey81
Basic commands34
Build / train25
Enter build submenu14
Enter hero's abilities submenu1
Right click55
Select / deselect77
Select group hotkey158
Use ability14
459 total
» units
Peasant8
Footman10
18 total
» upgrades
Masonry1
Swords1
2 total
» buildings
Altar of Kings1
Farm6
Lumber Mill1
Scout Tower1
Arcane Tower1
Barracks3
Blacksmith1
Keep1
Castle1
16 total
» build order
00:29 Altar of Kings
00:44 Farm
00:55 Lumber Mill
01:10 Scout Tower
01:44 Arcane Tower
01:59 Farm
02:27 Barracks
02:29 Barracks
02:33 Barracks
02:53 Farm
02:54 Farm
02:56 Farm
03:40 Blacksmith
04:04 Farm
04:38 Keep
07:23 Castle
team 2
HumanDorian12 (pink | 15 APM | 13 actions | 00:53)

» actions
Build / train5
Enter build submenu1
Right click2
Select / deselect4
Use ability1
13 total
» units
Peasant5
5 total
» buildings
Lumber Mill1
1 total
» build order
00:41 Lumber Mill
OrcMeNaCe. (yellow | 67 APM | 54 actions | 00:48)

» actions
Assign group hotkey2
Build / train3
ESC pressed3
Enter build submenu3
Right click8
Select / deselect11
Select group hotkey18
Use ability6
54 total
» units
Peon3
3 total
» buildings
Altar of Storms1
Orc Burrow1
Barracks1
3 total
» build order
00:09 Altar of Storms
00:20 Orc Burrow
00:35 Barracks
HumanILikeToChat (purple | 6 APM | 45 actions | 07:51)

» actions
Assign group hotkey5
Enter build submenu1
Right click27
Select / deselect11
Use ability1
45 total
UndeadDevin (red | 32 APM | 29 actions | 00:55)

» actions
Build / train2
Enter build submenu3
Right click5
Select / deselect16
Use ability3
29 total
» units
Acolyte2
2 total
» buildings
Altar of Darkness1
Ziggurat1
Crypt1
3 total
» build order
00:06 Altar of Darkness
00:08 Ziggurat
00:33 Crypt

Chat log

(00:09 / All) ILikeToChat: Hey Dorian! What's up, good buddy?
(00:16 / All) Dorian12: HIya
(00:19 / All) ILikeToChat: Going tanks this game? Or gryphons?
(00:23 / All) Dorian12: Chatty katty
(00:37 / Allies) Dorian12: ur not gonna play are you
(00:42 / Allies) MeNaCe.: purp i hope your kids are born with aids...
(00:43 / Allies) ILikeToChat: I'm here for the conversation
(00:47 / Allies) Dorian12: good
(00:49 / Allies) Dorian12: cyua
(00:54 / All) ILikeToChat: Wow
(00:56 / All) ILikeToChat: Tough crowd
(01:06 / All) ILikeToChat: I'm just looking for a little bit of conversation
(01:06 / All) JustMyHero: well why stay when you're not playing?
(01:08 / All) ILikeToChat: Nothing serious
(01:12 / All) MyC0CKInYoBuTT: come to clan bsn
(01:14 / All) MyC0CKInYoBuTT: ill talk
(01:14 / All) ILikeToChat: I like to chat
(01:17 / All) JustMyHero: Join a forum or clan
(01:24 / All) JustMyHero: this is for gaming
(01:24 / All) ILikeToChat: I go to lots of forums
(01:27 / All) ILikeToChat: I love to chat on forums
(01:36 / All) ILikeToChat: I like to make best of and favorite lists
(01:51 / All) ILikeToChat: Top 5 favorite places to chat:
(02:01 / All) ILikeToChat: 1) Warcraft 3 Random Team games
(02:05 / All) ILikeToChat: 2) Forums
(02:13 / All) ILikeToChat: 3) Underage Chatrooms
(02:16 / All) JustMyHero: we dont care, leave now
(02:18 / All) ILikeToChat: 4) Omegle
(02:34 / All) ILikeToChat: 4 is good
(02:47 / All) ILikeToChat: What are you guys wearing
(03:15 / All) ILikeToChat: Hello?
(03:43 / All) ILikeToChat: Wow guys
(04:01 / All) ILikeToChat: Stop being so concentrated on the game and start talking to me you silly little freaks
(04:15 / All) JustMyHero: Aw does no one want to talk to you? I'm so sorry
(04:22 / All) ILikeToChat: What are you wearing, teal?
(04:43 / All) ILikeToChat: Backdoor beauty?
(05:38 / All) ILikeToChat: Top 5 favorite games:
(05:40 / All) ILikeToChat: War3
(05:46 / All) ILikeToChat: Ultima Online
(05:48 / All) ILikeToChat: Rune
(05:54 / All) ILikeToChat: Monopoly
(06:16 / All) ILikeToChat: Red Alert 2
(06:24 / All) ILikeToChat: What are your guys's top 5 games?
(06:38 / All) ILikeToChat: Pretty good lists
(06:45 / All) ILikeToChat: I agree with all your selections
(06:47 / All) ILikeToChat: So hey
(06:57 / All) ILikeToChat: How's about we all go see the new Batman movie?
(07:00 / All) ILikeToChat: I hear it's pretty killer
(07:03 / All) ILikeToChat: LOL HEHEHEHE
(07:05 / All) ILikeToChat: get it?
(07:08 / All) JustMyHero: Is this win really worth this...?
(07:14 / All) ILikeToChat: What do you mean?
(07:47 / All) JustMyHero: next time leave at the start